Description

Use this build to quickly drop adepts into your opponent base

VOD

https://www.youtube.com/watch?v=4Tywv-OuzLU&list=PLXmUXsBuwW4biki-c0NPmseca8kWdLuGs&index=28

Build Order

Get SALT Encoding   

  12  0:01  Probe  
  13  0:13  Probe  
  14  0:17  Pylon  
  14  0:25  Probe  
  15  0:37  Probe  
  15  0:39  Gateway  
  16  0:43  Assimilator  
  16  0:45  Probe  
  17  0:53  Probe  
  17  1:03  Probe  
  19  1:11  Probe  
  20  1:19  Probe  
  21  1:28  Cybernetics Core  
  21  1:39  Probe  
  22  1:40  Pylon  
  22  1:51  Nexus  
  22  1:59  Adept  
  22  2:00  Assimilator, Warp Gate  
  24  2:26  Adept  
  26  2:33  Twilight Council  
  26  2:52  Resonating Glaives  
  26  2:54  Adept  
  26  2:58  Robotics Facility  
  31  3:18  Shield Battery  
  33  3:30  Gateway  
  33  3:33  Adept  
  37  3:46  Warp Prism  
  39  3:55  Gateway  
  39  4:02  Pylon  
  40  4:12  Pylon  
  42  4:19  Assimilator x2  
  42  4:22  Observer  
  44  4:35  Stalker x2  
  48  4:44  Observer  
  49  4:49  Robotics Bay  
  49  4:50  Gateway  
  49  4:58  Shield Battery  
  50  5:11  Adept x3  
  52  5:41  Adept x3  
  60  6:10  Robotics Facility  
Spawning Tool Build Advisor. Get it on Overwolf

Analysis

The idea is to drop adepts into enemy's base with adepts as fast as possible.

Go to:

Details

  • Created by: darthjulius
  • Published on: Jul 19, 2018
  • Modified on: Jul 19, 2018
  • Patch: 4.0.0
Show
View Real Time Build Order
Export as new Build Order

Comments (0)

There are no comments. Be the first!

Create an account to comment!